 Dungeon Crawl Stone Soup version 0.28-a0-533-g9f97627e2a (webtiles) character file.

Game seed: 5445058423337358906

483 Conn the Firebug (level 7, 0/41 HPs)
             Began as an Octopode Fire Elementalist on Sept 25, 2021.
             Succumbed to a scorpion's poison
             ... on level 4 of the Dungeon.
             The game lasted 00:08:33 (3869 turns).

Conn the Firebug (Octopode Fire Elementalist)       Turns: 3869, Time: 00:08:34

Health: 0/41       AC:  1    Str:  7    XL:     7   Next: 12%
Magic:  6/12       EV: 13    Int: 19    God:
Gold:   137        SH:  0    Dex: 13    Spells: 5/12 levels left

rFire   . . .      SeeInvis .   k - +2 quarterstaff (chaos)
rCold   . . .      Faith    .   (shield currently unavailable)
rNeg    . . .      Spirit   .   (helmet restricted)
rPois   .          Reflect  .   (no amulet)
rElec   .          Harm     .   (no ring)
rCorr   .          Rampage  .   (no ring)
Will    .....                   (no ring)
Stlth   +++.......              (no ring)
HPRegen 0.13/turn               (no ring)
MPRegen 0.13/turn               (no ring)
                                (no ring)
                                (no ring)

@: lethally poisoned (0 -> -6), flying, hasted, very quick
A: almost no armour, amphibious, 8 rings, camouflage 1, gelatinous body 1,
(nimble swimmer 1), tentacles
a: no special abilities


You were on level 4 of the Dungeon.
You visited 1 branch of the dungeon, and saw 4 of its levels.

You collected 137 gold pieces.

Inventory:

Hand Weapons
 c - a +0 short sword
 k - a +2 quarterstaff of chaos (weapon)
Wands
 e - a wand of flame (10)
Scrolls
 a - a scroll of summoning {unknown}
 d - a scroll of enchant weapon {unknown}
 f - 2 scrolls of teleportation {unknown}
 g - a scroll of identify {unknown}
 h - a scroll of blinking {unknown}
 i - a scroll of enchant armour {unknown}
 m - a scroll of fog {unknown}
 n - a scroll of brand weapon {unknown}
 o - a scroll of noise {unknown}
 p - a scroll of fear {unknown}


   Skills:
 + Level 0.3 Fighting
 + Level 1.4 Short Blades
 + Level 2.2 Staves
 + Level 2.5 Dodging
 + Level 3.6 Stealth
 + Level 3.4 Spellcasting
 * Level 3.3 Conjurations
 * Level 1.8 Hexes
 * Level 4.2 Fire Magic


You had 5 spell levels left.
You knew the following spells:

 Your Spells              Type           Power      Damage    Failure   Level
a - Foxfire               Conj/Fire      68%        2x1d7     3%          1
b - Conjure Flame         Conj/Fire      17%        6-21      10%         3
c - Inner Flame           Hex/Fire       14%        N/A       13%         3

Your spell library contained the following spells:

 Spells                   Type           Power      Damage    Failure   Level
 Scorch                   Fire           38%        2d7       3%          2
 Flame Wave               Conj/Fire      17%        3d5       30%         4
 Cause Fear               Hex            5%         N/A       56%         4
 Discord                  Hex            5%         N/A       100%        8


Dungeon Overview and Level Annotations

Branches:
Dungeon (4/15)
 Temple: D:4-7

Altars:

Annotations:
D:4 1 runed translucent door, scienide's ghost, amateur GrFi


Innate Abilities, Weirdness & Mutations

You cannot wear most types of armour.
You are amphibious.
You can wear up to eight rings at the same time.
Your skin changes colour to match your surroundings (Stealth+).
Your rubbery body absorbs attacks. (AC +1, EV +1)
((You are camouflaged near water. (Stealth+)))
You have tentacles for arms and can constrict up to eight enemies at once.


Message History

* * * LOW HITPOINT WARNING * * *
You feel sick.
The foxfire hits the scorpion.
Flame seeps out of the scorpion.
The scorpion is lightly wounded.
The foxfire hits the scorpion.
Flame seeps out of the scorpion.
The scorpion is lightly wounded.
The scorpion is engulfed in blazing flames.
Flame seeps out of the scorpion.
You feel better. The scorpion misses you.
Casting: Foxfire (safe; 3% risk of failure)
Confirm with . or Enter, or press ? or * to list all spells.
You conjure some foxfire!
The scorpion stings you. The scorpion stings you!
* * * LOW HITPOINT WARNING * * *
You are lethally poisoned!
The scorpion poisons you!
Unknown command.
* * * LOW HITPOINT WARNING * * *
You feel very sick.
The foxfire hits the scorpion but does no damage.
The scorpion is heavily wounded.
The foxfire hits the scorpion but does no damage.
The scorpion is heavily wounded.
Unknown command.
Okay, then.
Okay, then.
It was a potion of haste.
You feel yourself speed up.
* * * LOW HITPOINT WARNING * * *
You feel very sick. The scorpion closely misses you.
It was a potion of flight.
You feel very buoyant.
You fly up into the air.
* * * LOW HITPOINT WARNING * * *
You feel sick. The scorpion misses you.
* * * LOW HITPOINT WARNING * * *
You feel sick.
* * * LOW HITPOINT WARNING * * *
You feel sick.
You aren't carrying any potions.
Okay, then.
You die...

.##.# #............###.#
.##.####.##....(........#
.##.#...................#
....#.##.##............#
..................####.#
..###.##.#####....# #.###
..#......# #...#####...#
.........#####.........#.#
......#......#..@#####.#.##
.........###.#.#......>...#####
#...<..........###s.....#.....#
####..##.###..## #..###...###.#
####..##......# #..# ##.## #.#
......#######.# #.## #.# #.#
####..# #.####<### #.# #.#
#.##.....# #.# #.#
#######.##.###†# #.# #.#


You could see a scorpion (inner flame).

Vanquished Creatures
  A necrophage (D:4)
  An ogre (D:4)
  A water moccasin skeleton (D:4)
  A centaur skeleton (D:4)
  Crazy Yiuf (D:3)
  An iguana (D:4)
  An orc wizard (D:3)
  7 adders
  3 worms
  5 dart slugs
  4 orcs (D:3)
  7 endoplasms
  A giant cockroach (D:2)
  4 goblins
  10 hobgoblins
  5 jackals
  10 kobolds
  3 quokkas
  4 ball pythons
  3 bats
  3 frilled lizards (D:1)
  7 rats
83 creatures vanquished.

Vanquished Creatures (others)
  206 foxfires
  2 plants (D:1)
208 creatures vanquished.

Grand Total: 291 creatures vanquished

Notes
Turn   | Place    | Note
-------+----------+-------------------------------------------
     0 | D:1      | Conn the Octopode Fire Elementalist began the quest for the
                  | Orb.
     0 | D:1      | Reached XP level 1. HP: 11/11 MP: 3/3
   144 | D:1      | Reached XP level 2. HP: 17/17 MP: 1/5
   620 | D:1      | Reached XP level 3. HP: 18/21 MP: 3/6
  1433 | D:2      | Reached XP level 4. HP: 27/27 MP: 3/7
  2228 | D:3      | Reached XP level 5. HP: 31/31 MP: 0/9
  2386 | D:3      | Found a runed translucent door.
  2387 | D:3      | Noticed Crazy Yiuf
  2393 | D:3      | Learned a level 3 spell: Conjure Flame
  2397 | D:3      | Learned a level 3 spell: Inner Flame
  2417 | D:3      | Killed Crazy Yiuf
  2418 | D:3      | Reached skill level 1 in Short Blades
  2895 | D:3      | Reached skill level 1 in Hexes
  3249 | D:4      | Noticed an ogre
  3259 | D:4      | Killed an ogre
  3260 | D:4      | Reached XP level 6. HP: 36/36 MP: 2/10
  3426 | D:4      | Reached skill level 1 in Staves
  3499 | D:4      | Found a runed translucent door.
  3503 | D:4      | Noticed scienide's ghost (amateur GrFi)
  3505 | D:4      | Reached skill level 4 in Fire Magic
  3613 | D:4      | Noticed a necrophage
  3629 | D:4      | Killed a necrophage
  3630 | D:4      | Reached XP level 7. HP: 32/41 MP: 8/12
  3866 | D:4      | HP: 2/41 [poisoned by a scorpion]
  3869 | D:4      | Succumbed to a scorpion's poison

Illustrated notes

Levels and vault maps discovered:
D:1:      saegor_arrival_simple_b, layout_rooms, serial_bayou_pond_b,
          st_stairs_9
D:2:      layout_basic
D:3:      layout_basic, hex_tiny, uniq_crazy_yiuf_cottage
D:4:      layout_loops_ring, fedhas_altar_4, ebering_ghost_sewer_d

Skill      XL: |  1  2  3  4  5  6 |
---------------+-------------------+-----
Stealth        | 3 |  3.6
Conjurations   | 2 3 |  3.3
Short Blades   | 1 |  1.4
Spellcasting   | 3 |  3.4
Hexes          | 1 |  1.8
Staves         | 2 |  2.2
Fire Magic     | 4 |  4.2
Fighting       | |  0.3
Dodging        | |  2.5

Action                   |  1- 3 |  4- 6 |  7- 9 || total
-------------------------+-------+-------+-------++-------
Melee: Unarmed           |     4 |       |       ||     4
       Constrict         |     9 |    10 |     1 ||    20
       Tentacles         |     5 |     6 |       ||    11
       Short sword       |    23 |    18 |       ||    41
       Quarterstaff      |       |    22 |     2 ||    24
 Cast: Foxfire           |    48 |    71 |     5 ||   124
       Conjure Flame     |       |     3 |     1 ||     4
       Inner Flame       |       |     1 |     1 ||     2
Evoke: Wand              |       |     3 |       ||     3
  Use: Potion            |     1 |       |     3 ||     4
 Stab: Sleeping          |     1 |     4 |       ||     5
       Petrified         |       |     2 |       ||     2
Armor: Skin              |     1 |     1 |       ||     2
Dodge: Dodged            |    14 |    21 |     5 ||    40

Table legend: (Time is in decaauts)
 A = Elapsed time spent in this place.
 B = Non-inter-level travel time spent in this place.
 C = Inter-level travel time spent in this place.
 D = Time resting spent in this place.
 E = Time spent auto-exploring this place.
 F = Levels seen in this place.
 G = Mean time per level.
                   A        B        C        D        E       F      G
               +--------+--------+--------+--------+--------+-----+--------+
         Total |   3876 |   3809 |     67 |    280 |   2737 |   4 |  969.0 |
       Dungeon |   3876 |   3809 |     67 |    280 |   2737 |   4 |  969.0 |
               +--------+--------+--------+--------+--------+-----+--------+

Top non-repeatable levels by time:
     D:3: 1183 daAuts
     D:1: 1083 daAuts
     D:2: 816 daAuts
     D:4: 793 daAuts
